 Dungeon Crawl Stone Soup version 0.21-a0-215-g0631661 (webtiles) character file.

46 Leszczynek the Ruffian (level 3, -3/33 HPs)
             Began as a Troll Skald on Aug 23, 2017.
             Slain by Crazy Yiuf
             ... wielding a +3 quarterstaff of chaos
              (5 damage)
             ... on level 2 of the Dungeon.
             The game lasted 00:04:53 (681 turns).

Leszczynek the Ruffian (Troll Skald)                 Turns: 681, Time: 00:04:54

Health: -3/33      AC:  5    Str: 24    XL:     3   Next: 44%
Magic:  0/3        EV: 10    Int:  9    God:
Gold:   53         SH:  0    Dex: 10    Spells: 1/4 levels left

rFire    . . .     SeeInvis .     - Unarmed
rCold    . . .     Gourm    +   (no shield)
rNeg     . . .     Faith    .   a - +0 robe
rPois    .         Spirit   .   (helmet restricted)
rElec    .         Reflect  .   (no cloak)
rCorr    .         Harm     .   (gloves unavailable)
MR       .....                  (boots unavailable)
Stlth    +.........             (no amulet)
HPRegen  0.51/turn              (no ring)
MPRegen  0.08/turn              (no ring)

@: mighty, lethally poisoned (-3 -> -6), very slightly contaminated
A: unfitting armour, claws 3, fast metabolism 3, gourmand, regeneration 1,
shaggy fur 1, tough skin 2
a: no special abilities


You were on level 2 of the Dungeon.
You were very full.

You visited 1 branch of the dungeon, and saw 2 of its levels.

You collected 53 gold pieces.

Inventory:

Armour
 a - a +0 robe (worn)
Scrolls
 f - 3 scrolls of remove curse {unknown}
 i - 2 scrolls of identify {unknown}
Potions
 e - a potion of lignification {unknown}
 h - a potion of invisibility {unknown}
 j - a potion of flight {unknown}
 k - a potion of curing {unknown}
Books
 b - a book of Battle

   Spells                             Type                      Level
   a - Infusion                       Charms                       1
   b - Shroud of Golubria             Charms/Translocation         2
   c - Song of Slaying                Charms                       2
   d - Spectral Weapon                Hexes/Charms                 3
   e - Regeneration                   Charms/Necromancy            3
Comestibles
 d - 2 bread rations
 g - 3 chunks of flesh


   Skills:
 - Level 1.5 Fighting
 - Level 1.9 Dodging
 + Level 3.9 Unarmed Combat
 - Level 1.2 Spellcasting
 - Level 2.0 Charms


You had one spell level left.
You knew the following spells:

 Your Spells              Type           Power        Failure   Level  Hunger
a - Infusion              Chrm           #...         16%         1    ##.....
b - Shroud of Golubria    Chrm/Tloc      #.........   36%         2    ###....


Dungeon Overview and Level Annotations

Branches:
Dungeon (2/15)

Altars:

Annotations:
D:2 Crazy Yiuf


Innate Abilities, Weirdness & Mutations

You are too large for most types of armour.
You have claws for hands.
Your metabolism is lightning-fast.
You like to eat raw meat.
Your natural rate of healing is unusually fast.
You are covered in fur. (AC +1)
You have very tough skin. (AC +2)


Message History

Your shroud bends Crazy Yiuf's attack away.
Unknown command.
You barely miss Crazy Yiuf.
Crazy Yiuf hits you with a quarterstaff of chaos!
Crazy Yiuf burns you.
You barely miss Crazy Yiuf. Crazy Yiuf closely misses you.
You closely miss Crazy Yiuf. You scratch Crazy Yiuf.
Crazy Yiuf is lightly wounded.
Crazy Yiuf hits you with a quarterstaff of chaos!
* * * LOW HITPOINT WARNING * * *
Your shroud falls apart!
You are lethally poisoned!
Unknown command.
It was a potion of might.
You feel very mighty all of a sudden.
* * * LOW HITPOINT WARNING * * *
You feel sick.
Crazy Yiuf hits you with a quarterstaff of chaos.
You die...

♣♣)♣ #...........## ♣♣)♣♣
#########....## ♣♣..)♣
##...^.## ♣....♣
##.......## ##..##
#.......... .####....#####
##.......##
#.........>...# ##.....##
#.......####g### ##...## #
###...###...@..# ##..## #
#... #.##.#.# #...# # ####
#.##.#.### #...# #
#........# #...# ##
#......#.#.####...####.
#.#......#............#
......................##
..##.##.#.###.....(......#
. ... #.......####...####.


You could see Crazy Yiuf.

Vanquished Creatures
  3 dart slugs (D:2)
  2 leopard geckos
  2 giant cockroaches
  5 goblins
  4 hobgoblins (D:1)
  5 kobolds
  6 bats
  3 frilled lizards
  7 rats
37 creatures vanquished.

Notes
Turn   | Place    | Note
-------+----------+-------------------------------------------
     0 | D:1      | Leszczynek the Troll Skald began the quest for the Orb.
     0 | D:1      | Reached XP level 1. HP: 19/19 MP: 1/1
     0 | D:1      | i don't even want to look at how many of these i splatted already
     0 | D:1      | it's oddly fun though
     0 | D:1      | until i die
     0 | D:1      | that one moment isn't very fun
    20 | D:1      | and maybe one other, when i realize how much time i just wasted
    50 | D:1      | all because m-muh sub 40k attempts
    69 | D:1      | Reached XP level 2. HP: 27/27 MP: 2/2
    80 | D:1      | and not thinking when playing because thinking is for nerds
   120 | D:1      | Reached skill level 3 in Unarmed Combat
   136 | D:1      | i can write to myself like that because nobody is going to read this anyway
   136 | D:1      | except me, maybe
   139 | D:1      | Learned a level 2 spell: Shroud of Golubria
   347 | D:2      | Reached XP level 3. HP: 33/33 MP: 3/3
   544 | D:2      | nothing like finding 3 stairs up before stairs down on d:2
   544 | D:2      | i love killing bats and cockroaches
   657 | D:2      | Found a runed door.
   661 | D:2      | Noticed Crazy Yiuf
   680 | D:2      | HP: 4/33 [Crazy Yiuf/quarterstaff of chaos (16)]
   681 | D:2      | Slain by Crazy Yiuf

Vault maps used:
D:1:      wheals_arrival_shading, minmay_surrounded
D:2:      uniq_crazy_yiuf_cottage

Skill      XL: |  1  2 |
---------------+-------+-----
Unarmed Combat | 3 |  3.9
Fighting       | |  1.5
Dodging        | |  1.9
Spellcasting   | |  1.2
Charms         | |  2.0

Action                   || total
-------------------------++-------
Melee: Unarmed           ||    93
 Cast: Shroud of Golubri ||     1
  Use: Potion            ||     1
 Stab: Sleeping          ||     1
  Eat: Chunk             ||    11
Armor: Robe              ||    26
Dodge: Dodged            ||    52

Table legend:
 A = Spawn XP
 B = Non-spawn XP
 C = Spawn XP percentage of total XP
 D = Spawn monster count
 E = Non-spawn monster count
 F = Spawn count percentage of total count
 G = Total turns spent on level
                    A         B        C        D         E        F      G
               +---------+---------+-------+---------+---------+-------+---------
         Total |       6 |      60 |   9.1 |       3 |      34 |   8.1 |   681
               +---------+---------+-------+---------+---------+-------+---------
           D:1 |       6 |      31 |  16.2 |       3 |      21 |  12.5 |   347
           D:2 |       0 |      29 |   0.0 |       0 |      13 |   0.0 |   334
               +---------+---------+-------+---------+---------+-------+---------
